 Dungeon Crawl Stone Soup version 0.30-a0-297-g0ec75d9ef4 (webtiles) character file.

Game seed: 2213885822494030841

128 Bnni the Shooter (level 5, -2/41 HPs)
             Began as a Formicid Hunter on Oct 18, 2022.
             Slain by an iguana (13 damage)
             ... on level 5 of the Dungeon.
             The game lasted 00:03:25 (1894 turns).

Bnni the Shooter (Formicid Hunter)                  Turns: 1894, Time: 00:03:26

Health: -2/41      AC:  4    Str: 15    XL:     5   Next: 34%
Magic:  5/5        EV: 16    Int:  9    God:
Gold:   165        SH:  0    Dex: 19    Spells: 4/4 levels left

rFire   . . .      SeeInvis +    a - +0 shortbow
rCold   . . .      Faith    .    (no shield)
rNeg    . . .      Spirit   .    q - +0 leather armour of Death Resistance {rElec}
rPois   .          Reflect  .    (helmet unavailable)
rElec   +          Harm     .    (no cloak)
rCorr   .          Rampage  .    (no gloves)
Will    .....                    f - +0 pair of boots
Stlth   ++........               (no amulet)
HPRegen 0.26/turn                n - +4 ring of evasion
MPRegen 0.09/turn                (no ring)

@: no status effects
A: permanent stasis, dig shafts and tunnels, antennae 3, four strong arms
a: Dig, Shaft Self


You were on level 5 of the Dungeon.
You visited 1 branch of the dungeon, and saw 5 of its levels.

You collected 165 gold pieces.

Inventory:

Hand Weapons
 a - a +0 shortbow (weapon)
Armour
 f - a +0 pair of boots (worn)
 q - the +0 leather armour of Death Resistance (worn) {rElec}
   (You found it on level 5 of the Dungeon)

   rElec:     It insulates you from electricity.
Jewellery
 n - a +4 ring of evasion (left hand)
Scrolls
 b - 2 scrolls of immolation
 g - 4 scrolls of teleportation {unknown}
 h - 2 scrolls of amnesia {unknown}
 i - a scroll of torment {unknown}
 k - 2 scrolls of silence {unknown}
 l - 4 scrolls of identify {unknown}
 p - a scroll of vulnerability {unknown}
Potions
 d - a potion of heal wounds {unknown}
 e - a potion of flight {unknown}
 j - a potion of haste {unknown}
 m - a potion of invisibility {unknown}
 o - a potion of might {unknown}


   Skills:
 + Level 3.6 Fighting
 * Level 5.6 Ranged Weapons
 - Level 1.7 Dodging
 - Level 1.2 Stealth


You had 4 spell levels left.
You didn't know any spells.
Your spell library contained the following spells:

 Spells                   Type           Power      Damage    Failure   Level
 Vhi's Electric Charge    Tloc/Air       0%         N/A       83%         3
 Arcjolt                  Conj/Air       0%         1d10      100%        5
 Maxwell's Capacitive Co  Air            0%         ∞         100%        8


Dungeon Overview and Level Annotations

Branches:
Dungeon (6/15)
 Temple: D:4-7

Altars:
Elyvilon
Ru
Yredelemnul

Annotations:
D:3 Terence


Innate Abilities, Weirdness & Mutations

You cannot be hasted, slowed, berserked, paralysed or teleported.
You can dig through walls and to a lower floor.
You have a pair of large antennae on your head. (SInv)
Your four strong arms can wield two-handed weapons with a shield.


Message History

You shoot an arrow. The arrow closely misses the iguana.
The iguana barely misses you.
You shoot an arrow.
The arrow hits the iguana but does no damage.
The iguana is lightly wounded.
The iguana barely misses you. The iguana closely misses you.
You shoot an arrow. The arrow hits the iguana.
The iguana is moderately wounded.
The iguana bites you.
You shoot an arrow. The arrow barely misses the iguana.
The iguana barely misses you.
You shoot an arrow. The arrow hits the iguana.
The iguana is heavily wounded.
The iguana barely misses you.
You shoot an arrow. The arrow barely misses the iguana.
The iguana closely misses you.
The iguana bites you but does no damage.
You shoot an arrow. The arrow barely misses the iguana.
The iguana barely misses you.
You shoot an arrow.
The arrow hits the iguana but does no damage.
The iguana is heavily wounded.
The iguana misses you.
You shoot an arrow. The arrow hits the iguana.
The iguana is almost dead.
The iguana misses you.
You shoot an arrow. The arrow hits the iguana.
The iguana is almost dead.
The iguana bites you! The iguana bites you.
* * * LOW HITPOINT WARNING * * *
You are too injured to fight recklessly!
You are too injured to fight recklessly!
Fire: a) +0 shortbow
Press: ? - help, Q - select action, (/) - cycle Shift-Dir - straight line, f/p - iguana
Aim: an iguana (almost dead, 68% to hit)
You shoot an arrow.
The arrow hits the iguana but does no damage.
The iguana is almost dead.
The iguana bites you!
You die...

#.#......._.......
#...#.#.#...#.#.##
### #.##.##.#
#.......#
#.####.####.#
#...........#
######.######
####.........#
.......@.#####
######l#.# #$#.#
#.#.. #.#...
#<#.... ###.....
......


You could see an iguana.

Vanquished Creatures
  A necrophage (D:6)
  3 adders
  A dart slug (D:2)
  A ball python (D:1)
  4 endoplasms
  A giant cockroach (D:2)
  9 goblins
  3 hobgoblins
  4 jackals (D:3)
  A quokka (D:1)
  4 bats
  4 frilled lizards
  A kobold (D:2)
  2 rats
  A spectral orc (D:6)
40 creatures vanquished.

Notes
Turn   | Place    | Note
-------+----------+-------------------------------------------
     0 | D:1      | Bnni the Formicid Hunter began the quest for the Orb.
     0 | D:1      | Reached XP level 1. HP: 16/16 MP: 1/1
    64 | D:1      | Reached XP level 2. HP: 23/23 MP: 2/2
   716 | D:2      | Found a faded altar of an unknown god.
   811 | D:2      | Reached XP level 3. HP: 28/28 MP: 3/3
  1370 | D:2      | Found a white marble altar of Elyvilon.
  1460 | D:3      | Reached XP level 4. HP: 23/35 MP: 4/4
  1477 | D:3      | Reached skill level 5 in Ranged Weapons
  1529 | D:3      | Noticed Terence
  1540 | D:3      | You fall into a shaft and drop 3 floors!
  1635 | D:6      | Found a basalt altar of Yredelemnul.
  1683 | D:6      | Noticed a necrophage
  1694 | D:6      | Noticed an ice beast
  1817 | D:6      | Killed a necrophage
  1818 | D:6      | Reached XP level 5. HP: 41/41 MP: 5/5
  1836 | D:5      | Entered Level 5 of the Dungeon
  1845 | D:5      | Identified the +0 leather armour of Death Resistance
                  | {rElec}
  1860 | D:5      | Found a sacrificial altar of Ru.
  1894 | D:5      | Slain by an iguana

Illustrated notes

Levels and vault maps discovered:
D:1:      dpeg_arrival_yet_another_circle, layout_basic,
          minmay_indecisive_spiral
D:2:      layout_loops_corners, basic_altar, hellmonk_ecumenical_altar_blasted,
          kennysheep_nondescript, minmay_misc_feat_diagonals
D:3:      layout_basic, mainiacjoe_overflow_alcove_1,
          mainiacjoe_overflow_catwalk_spiral, gup_sewer_entry_bubbles,
          minivault_25, uniq_ijyb, uniq_terence
D:5:      layout_basic, nicolae_ru_sacrificial_ziggurat,
          lemuel_zombie_altar_kikubaaqudgha, minmay_temple_entry_tees
D:6:      layout_gridville, yredelemnul_forgotten_temple_becter,
          lemuel_crystal_altar, minmay_bent

Skill      XL: |  1  2  3  4 |
---------------+-------------+-----
Fighting       | 3 |  3.6
Ranged Weapons | 5 |  5.6
Dodging        | |  1.7
Stealth        | |  1.2

Action                   |  1- 3 |  4- 6 || total
-------------------------+-------+-------++-------
 Fire: Shortbow          |    77 |    61 ||   138
 Abil: Shaft Self        |       |     1 ||     1
Armor: Leather armour    |    14 |     4 ||    18
Dodge: Dodged            |    22 |    35 ||    57

Table legend: (Time is in decaauts)
 A = Elapsed time spent in this place.
 B = Non-inter-level travel time spent in this place.
 C = Inter-level travel time spent in this place.
 D = Time resting spent in this place.
 E = Time spent auto-exploring this place.
 F = Levels seen in this place.
 G = Mean time per level.
                   A        B        C        D        E       F      G
               +--------+--------+--------+--------+--------+-----+--------+
         Total |   1932 |   1868 |     64 |    100 |   1319 |   5 |  386.4 |
       Dungeon |   1932 |   1868 |     64 |    100 |   1319 |   5 |  386.4 |
               +--------+--------+--------+--------+--------+-----+--------+

Top non-repeatable levels by time:
     D:2: 785 daAuts
     D:1: 670 daAuts
     D:6: 302 daAuts
     D:3: 112 daAuts
     D:5: 61 daAuts
